 Dungeon Sprint DCSS version 0.31-a0-43-g46d131a48f (webtiles) character file.

Game seed: 734762839928116562

1841 bmack86 the Severer (level 8, -4/85 HPs)
             Began as a Minotaur Fighter on May 19, 2023.
             Was a Priest of Okawaru.
             Succumbed to a cane toad's poison
             ... in the Dungeon (Sprint IX: "|||||||||||||||||||||||||||||").
             The game lasted 00:04:13 (644 turns).

bmack86 the Severer (Minotaur Fighter)               Turns: 644, Time: 00:04:14

Health: -4/85      AC: 17    Str: 26    XL:     8   Next: 87%
Magic:  11/12      EV:  9    Int:  5    God:    Okawaru [***...]
Gold:   6          SH:  0    Dex: 10    Spells: 7/7 levels left

rFire   . . .        r - +0 battleaxe
rCold   . . .        (shield currently unavailable)
rNeg    . . .        i - +0 plate armour
rPois   .            (helmet restricted)
rElec   .            n - +0 cloak
rCorr   .            (no gloves)
SInv    .            (no boots)
Will    .....        (no amulet) Stlth
                     q - +2 ring of protection
HPRegen 0.34/turn    p - +3 ring of strength
MPRegen 0.13/turn

%: no teleportation
@: lethally poisoned (-4 -> -32), heroic, slowed, very slow
A: horns 2, retaliatory headbutt
a: Renounce Religion, Heroism


You were in the Dungeon.
You worshipped Okawaru.
Okawaru was most pleased with you.
You visited 1 branch You collected 6 gold pieces.

Inventory:

Hand Weapons
 a - a +0 war axe
 m - a +3 war axe of venom
 r - a +0 battleaxe (weapon)
Armour
 b - a +0 scale mail
 c - a +0 buckler
 i - a +0 plate armour (worn)
 n - a +0 cloak (worn)
 o - a +2 ring mail
Magical Staves
 w - the staff of poison "Mioss" {rPois Stlth+}
   (You found it in the Dungeon)

   [staff of poison]

   Base accuracy: +5 Base damage: 5 Base attack delay: 1.2 This weapon's minimum
   attack delay (0.6) is reached at skill level 12.
   rPois:     It protects you from poison.
   Stlth:     It makes you more stealthy.
   It falls into the 'Staves' category.
   It is a one-handed weapon.
Jewellery
 p - a +3 ring of strength (right hand)
 q - a +2 ring of protection (left hand)
Wands
 l - a wand of iceblast (10)
Scrolls
 j - 3 scrolls of blinking
 k - 2 scrolls of amnesia
 t - a scroll of fear
 u - 2 scrolls of identify
 v - a scroll of fog
Potions
 d - a potion of invisibility
 e - 6 potions of curing
 f - 5 potions of heal wounds
 g - 2 potions of haste
 h - 4 potions of magic
 s - 3 potions of might


   Skills:
 + Level 12.6(17.6) Fighting
 * Level 16.9(21.9) Axes
 - Level 3.6(8.6) Armour
 - Level 3.6(8.6) Shields
 + Level 7.9 Invocations
 + Level 4.4 Evocations


You had 7 spell levels left.
You didn't know any spells.
Your spell library was empty.

Dungeon Overview and Level Annotations

Branches:
Dungeon (1/1)

Altars:
Cheibriados
Dithmenos
Elyvilon
Fedhas
Gozag
Hepliaklqana
Kikubaaqudgha
Makhleb
Nemelex Xobeh
Okawaru
Qazlal
Ru
Sif Muna
Trog
Uskayaw
Vehumet
Wu Jian
Xom
Yredelemnul
Zin
The Shining One
Jiyva
Lugonu


Innate Abilities, Weirdness & Mutations

You have a pair of horns on your head.
You reflexively headbutt those who attack you in melee.


Message History

The torpor snail briefly extends its eye-stalks.
You hit the water moccasin.
Your headbutt misses the water moccasin.
The water moccasin is heavily wounded.
You feel sick.
The water moccasin bites you but does no damage.
The water moccasin bites you.
You are more poisoned.
The water moccasin poisons you!
You slice the water moccasin!!
You kill the water moccasin!
Okawaru accepts your kill.
Okawaru will now gift you throwing weapons as you gain piety.
You feel very sick.
You feel better. The cane toad stings you!
The yak snorts and paws the ground.
The cane toad stings you!
You slash the cane toad! Your headbutt misses the cane toad.
The cane toad is moderately wounded.
A basilisk comes into view.
The cane toad stings you!
You are poisoned.
The cane toad poisons you!
You hit the cane toad but do no damage.
The cane toad is moderately wounded.
You feel very sick. The cane toad stings you!
* * * LOW HITPOINT WARNING * * *
The cane toad stings you but does no damage.
You slice the cane toad!!
The cane toad is severely wounded.
* * * LOW HITPOINT WARNING * * *
You feel sick. The cane toad stings you!
* * * LOW HITPOINT WARNING * * *
You are more poisoned.
The cane toad poisons you!
You slash the cane toad!
You kill the cane toad!
Okawaru accepts your kill.
You die...

▓_▓.▓
▓_▓.▓l▓
▓_▓.▓Y▓
▓_▓.▓F▓
▓_▓.▓w▓
▓_▓.▓Y▓
▓_▓.▓D▓
▓_▓.▓'▓
▓_▓.▓@▓
▓_▓.▓.▓
▓_▓.▓.▓
▓_▓.▓.▓
▓'▓.▓.▓
▓.▓.▓.▓
▓.▓.▓.▓
▓.▓.▓.▓
▓.▓.▓.▓


You could see a torpor snail, 2 yaks, a basilisk, a steam dragon and a bullfrog.

Vanquished Creatures
  A slime creature (D)
  A gargoyle (D)
  A cane toad (D)
  A wraith (D)
  A yak (D)
  2 vampire mosquitoes (D)
  An acid dragon (D)
  A water moccasin (D)
  2 orc warriors (D)
  A kobold brigand (D)
  A scorpion (D)
  3 hounds (D)
  A jelly (D)
  An orc wizard (D)
  A dart slug (D)
  A bat (D)
  An endoplasm (D)
  A quokka (D)
  A ball python (D)
23 creatures vanquished.

Notes
Turn   | Place    | Note
-------+----------+-------------------------------------------
     0 | D        | bmack86 the Minotaur Fighter began the quest for the Orb.
     0 | D        | Reached XP level 1. HP: 19/19 MP: 0/0
     6 | D        | Reached skill level 3 in Axes
    10 | D        | Reached skill level 4 in Axes
    22 | D        | Noticed a hound
    22 | D        | Noticed a hound
    22 | D        | Noticed a scorpion
    22 | D        | Noticed a jelly
    22 | D        | Noticed a hound
    26 | D        | Killed a hound
    27 | D        | Reached skill level 5 in Fighting
    27 | D        | Reached skill level 6 in Axes
    27 | D        | Reached XP level 2. HP: 18/30 MP: 1/1
    27 | D        | Reached XP level 3. HP: 22/37 MP: 2/2
    28 | D        | Reached skill level 8 in Axes
    28 | D        | Killed a scorpion
    29 | D        | Reached skill level 9 in Axes
    29 | D        | Reached XP level 4. HP: 24/47 MP: 3/3
    30 | D        | Reached skill level 10 in Axes
    30 | D        | Reached XP level 5. HP: 24/53 MP: 4/4
    31 | D        | Reached skill level 11 in Axes
    37 | D        | Found a snail-covered altar of Cheibriados.
    37 | D        | Found a shadowy altar of Dithmenos.
    37 | D        | Found a white marble altar of Elyvilon.
    37 | D        | Found a blossoming altar of Fedhas.
    37 | D        | Found an opulent altar of Gozag.
    38 | D        | Found a hazy altar of Hepliaklqana.
    39 | D        | Found a viscous altar of Jiyva.
    40 | D        | Found an ancient bone altar of Kikubaaqudgha.
    41 | D        | Found a corrupted altar of Lugonu.
    42 | D        | Found a burning altar of Makhleb.
    43 | D        | Found a sparkling altar of Nemelex Xobeh.
    44 | D        | Found an iron altar of Okawaru.
    45 | D        | Found a stormy altar of Qazlal.
    46 | D        | Found a sacrificial altar of Ru.
    47 | D        | Found a shimmering blue altar of Sif Muna.
    48 | D        | Found a bloodstained altar of Trog.
    49 | D        | Found a hide-covered altar of Uskayaw.
    50 | D        | Found a radiant altar of Vehumet.
    51 | D        | Found an ornate altar of the Wu Jian Council.
    52 | D        | Became a worshipper of Warmaster Okawaru
    53 | D        | Found a shimmering altar of Xom.
    54 | D        | Found a basalt altar of Yredelemnul.
    55 | D        | Found a glowing silver altar of Zin.
    56 | D        | Found a glowing golden altar of the Shining One.
   135 | D        | Noticed an orc warrior
   135 | D        | Noticed an orc warrior
   135 | D        | Noticed a wraith
   135 | D        | Noticed a yak
   139 | D        | Killed a yak
   140 | D        | Reached skill level 12 in Axes
   140 | D        | Reached XP level 6. HP: 46/64 MP: 4/7
   143 | D        | Reached * piety under Okawaru
   144 | D        | Reached skill level 10 in Fighting
   144 | D        | Reached skill level 13 in Axes
   148 | D        | Killed a wraith
   149 | D        | Reached skill level 5 in Invocations
   149 | D        | Reached XP level 7. HP: 61/73 MP: 4/9
   153 | D        | Reached skill level 14 in Axes
   161 | D        | Reached ** piety under Okawaru
   276 | D        | Noticed a slime creature
   276 | D        | Noticed a vampire mosquito
   276 | D        | Noticed a slime creature
   276 | D        | Noticed a gargoyle
   276 | D        | Noticed a vampire mosquito
   279 | D        | Killed a vampire mosquito
   280 | D        | Reached skill level 15 in Axes
   280 | D        | Reached skill level 1 in Evocations
   287 | D        | Killed a gargoyle
   288 | D        | Reached XP level 8. HP: 63/83 MP: 8/12
   294 | D        | Killed a large slime creature
   295 | D        | Reached skill level 16 in Axes
   627 | D        | Got the staff of poison "Mioss" {rPois Stlth+}
   634 | D        | Noticed a torpor snail
   634 | D        | Noticed a cane toad
   639 | D        | Reached *** piety under Okawaru
   643 | D        | HP: 2/85 [cane toad (7)]
   644 | D        | Killed a cane toad
   644 | D        | Succumbed to a cane toad's poison

Illustrated notes

Levels and vault maps discovered:
D:        linesprint [early_d, line_temple, items_1, d_10, items_2, lair_1,
          lair_end, items_3, orc_1, orc_end, items_4, d_15, swamp_1, shoals_1,
          snake_1, spider_1, d_20, vaults_1, items_5, swamp_end, shoals_end,
          snake_end, spider_end, vaults_end, d_27, items_6, zot_1, zot_end,
          crypt_end, forest_end, elf_end, slime_end, tomb_end, abyss_end,
          pan_hell_end]

Skill      XL: |  1  2  3  4  5  6  7  8 |
---------------+-------------------------+-----
Axes           | 6 9 10 12 13 15 16 | 16.9
Fighting       | 5 7 8 9 10 11 12 | 12.6
Invocations    | 3 5 6 7 |  7.9
Evocations     | 2 4 |  4.4
Armour         | |  3.6
Shields        | |  3.6

Action                     |  1- 3 |  4- 6 |  7- 9 || total
---------------------------+-------+-------+-------++-------
  Melee: War axe           |    17 |    14 |    12 ||    43
         Headbutt          |     2 |     3 |    10 ||    15
         Battleaxe         |       |       |    32 ||    32
 Invoke: Heroism           |       |       |     2 ||     2
    Use: Potion            |     1 |     1 |     1 ||     3
 Armour: Scale mail        |     7 |       |       ||     7
         Ring mail         |       |     2 |     4 ||     6
         Plate armour      |       |       |    11 ||    11
  Dodge: Dodged            |     9 |     1 |    16 ||    26
  Block: Buckler           |     5 |       |     2 ||     7

Table legend: (Time is in decaauts)
 A = Elapsed time spent in this place.
 B = Non-inter-level travel time spent in this place.
 C = Inter-level travel time spent in this place.
 D = Time resting spent in this place.
 E = Time spent auto-exploring this place.
 F = Levels seen in this place.
 G = Mean time per level.
                   A        B        C        D        E       F      G
               +--------+--------+--------+--------+--------+-----+--------+
         Total |    654 |    654 |      0 |    326 |      0 |   1 |  654.0 |
       Dungeon |    654 |    654 |      0 |    326 |      0 |   1 |  654.0 |
               +--------+--------+--------+--------+--------+-----+--------+

Top non-repeatable levels by time:
       D: 654 daAuts
